 Dungeon Crawl Stone Soup version 0.29.0-4-gdea44cf6ec (webtiles) character file.

Game seed: 5007840376657416265

35268 qw the Severer (level 13, -6/108 (122) HPs)
             Began as a Minotaur Fighter on Sept 5, 2022.
             Was a High Priest of Ru.
             Mangled by a death yak (8 damage)
             ... while petrified by a basilisk
             ... on level 4 of the Lair of Beasts.
             The game lasted 00:05:16 (15329 turns).

qw the Severer (Minotaur Fighter)                  Turns: 15329, Time: 00:05:17

HP:   -6/108 (122)  AC: 23    Str: 24    XL:     13   Next: 46%
MP:   12/12         EV:  2    Int:  5    God:    Ru [*****.]
Gold: 529           SH:  0    Dex: 12    Spells: 12/12 levels left

rFire   . . .      SeeInvis .   Y - +2 war axe
rCold   . . .      Faith    .   o - +0 kite shield
rNeg    + + +      Spirit   .   b - +0 chain mail {rPois}
rPois   inf        Reflect  .   n - +1 hat {Will+}
rElec   .          Harm     .   c - +0 cloak
rCorr   .          Rampage  .   t - +0 pair of gloves
Will    .....                   l - +2 pair of boots
Stlth   ..........              p - amulet of the acrobat
HPRegen 0.28/turn               h - +4 ring of evasion
MPRegen 0.13/turn               i - +4 ring of protection

@: petrified, heavily drained
A: horns 2, inability to use devices, no air magic, no hexes magic, no summoning
magic, weak-willed 1, missing an eye, retaliatory headbutt
a: Renounce Religion, Draw Out Power, Power Leap, Apocalypse


You were on level 4 of the Lair of Beasts.
You worshipped Ru.
Ru was extremely pleased with you.
You visited 2 branches of the dungeon, and saw 12 of its levels.

You collected 775 gold pieces.
You spent 246 gold pieces at shops.


Innate Abilities, Weirdness & Mutations

You have a pair of horns on your head.
You cannot study or use magical devices.
You cannot study or cast Air magic.
You cannot study or cast Hexes magic.
You cannot study or cast Summoning magic.
You are slightly weak-willed. (Will-)
You are missing an eye, making it more difficult to aim.
You reflexively headbutt those who attack you in melee.


   Skills:
 - Level 13.1 Fighting
 - Level 17.1 Axes
 - Level 3.2 Throwing
 + Level 10.8 Armour
 - Level 6.2 Dodging
 - Level 13.2 Shields


You had 12 spell levels left.
You didn't know any spells.
Your spell library was empty.

Inventory:

Hand Weapons
 g - a +0 demon whip of venom
 Y - a +2 war axe (weapon)
Missiles
 r - 5 boomerangs (quivered)
Armour
 b - a +0 chain mail of poison resistance (worn)
 c - a +0 cloak (worn)
 l - a +2 pair of boots (worn)
 n - a +1 hat of willpower (worn)
 o - a +0 kite shield (worn)
 t - a +0 pair of gloves (worn)
 v - a +0 plate armour
Jewellery
 a - an amulet of regeneration
 h - a +4 ring of evasion (left hand)
 i - a +4 ring of protection (right hand)
 p - an amulet of the acrobat (around neck)
Scrolls
 k - 2 scrolls of identify
 m - a scroll of teleportation
Potions
 d - 6 potions of might
 e - a potion of haste
 f - 4 potions of curing

Dungeon Overview and Level Annotations

Branches:
Dungeon (8/15)             Temple (0/1) D:4            Lair (4/5) D:8
 Shoals (0/4) Lair:2        Snake (0/4) Lair:2
  Slime: Lair:4-5

Altars:
Cheibriados
Ru
Uskayaw
Wu Jian

Shops:
D:3 [


Message History

The komodo dragon bites you!
You hit the komodo dragon but do no damage.
The komodo dragon is severely wounded.
You slash the death yak! You block the death yak's attack.
You block the komodo dragon's attack.
Your limbs are stiffening.
You hit the komodo dragon.
The komodo dragon is almost dead.
You completely miss the death yak. The death yak gores you!
You block the komodo dragon's attack.
You have turned to stone.
The death yak gores you but does no damage.
You redirect the basilisk's attack!
The basilisk closely misses itself.
The komodo dragon bites you but does no damage.
The death yak gores you but does no damage.
The basilisk bites you but does no damage.
The komodo dragon hisses menacingly.
The komodo dragon bites you!! The death yak gores you!
You focus your inner power and illuminate the death yak in retribution!
The basilisk begins to attack, but is stunned by your conviction!
The komodo dragon bites you but does no damage.
The death yak gores you. The basilisk bites you!
The komodo dragon bites you but does no damage.
You redirect the death yak's attack!
The death yak gores itself!
The basilisk gazes at you.
You easily resist.
The komodo dragon bites you!!
The death yak gores you but does no damage.
The basilisk bites you but does no damage.
The komodo dragon bites you but does no damage.
The death yak gores you!
The basilisk begins to attack, but is stunned by your conviction!
The komodo dragon bites you!!
The death yak gores you but does no damage.
The basilisk bites you.
The komodo dragon bites you but does no damage.
The death yak gores you!
You die...

####..#..7..#.######
P#...l...........7.
....................# ..
.....7..7%<.7.+..<.7#
#.................#.....## #..
#............#..7.##. #
#..######....7..#######..
#.#....####l.....##........
.......#.l@.....#..........
..........Y7%..##..........
.............#......####.........
..Y..!...#.........#.##..........
.......$..####.%..######.........
...Y......##...#### #.........
.......$..###...### #.........
..........###...#.# #.........
.........##......# #.........


You could see a death yak (corona), a komodo dragon and a basilisk.

Vanquished Creatures
  Nessos (Lair:3)
  A hydra (Lair:1)
  A boulder beetle (Lair:3)
  A catoblepas (Lair:2)
  13 death yaks
  Amaemon (Lair:1)
  An oklob plant (Lair:4)
  5 elephants (Lair:4)
  10 black mambas
  An orange demon (Lair:1)
  9 cane toads
  6 komodo dragons
  2 rime drakes
  A polar bear (Lair:3)
  Grinder (D:8)
  13 blink frogs
  3 wyverns
  31 yaks
  A basilisk (D:8)
  2 steam dragons (D:8)
  Edmund (D:6)
  17 water moccasins
  An orc warrior (D:7)
  An ice beast (D:6)
  6 black bears
  Duvessa (D:7)
  5 ogres
  A sky beast (D:7)
  6 wolves (Lair:2)
  A centaur (D:5)
  A kobold brigand (D:7)
  7 bullfrogs
  2 gnoll sergeants
  6 scorpions
  9 wights
  Dowan (D:7)
  A killer bee (D:5)
  An electric eel (Lair:1)
  6 hounds
  2 jellies
  2 orc priests
  Terence (D:3)
  5 iguanas
  6 orc wizards
  5 hell rats (Lair:3)
  A mummy (D:8)
  Robin (D:2)
  11 gnolls
  5 adders
  A shadow imp (D:8)
  A white imp (D:6)
  An ufetubus (D:5)
  A worm (D:2)
  A dart slug (D:4)
  25 orcs
  7 endoplasms
  A giant cockroach (D:3)
  18 goblins
  5 hobgoblins (D:2)
  5 jackals
  7 kobolds
  6 quokkas
  3 ball pythons
  3 bats
  A frilled lizard (D:2)
  2 rats
305 creatures vanquished.

Vanquished Creatures (others)
  2 hydras
  A blink frog (Lair:2)
  A wight (D:8)
  An orc priest (D:7)
  An iguana (D:4)
  22 fungi
  75 plants
  4 toadstools (D:2)
107 creatures vanquished.

Grand Total: 412 creatures vanquished

Notes
Turn   | Place    | Note
-------+----------+-------------------------------------------
     0 | D:1      | qw the Minotaur Fighter began the quest for the Orb.
     0 | D:1      | Reached XP level 1. HP: 19/19 MP: 0/0
     0 | D:1      | 0 ||| qw: Version: 0.1-a-104-g96f76f8
     0 | D:1      | 0 ||| qw: Game counter: 5880
     0 | D:1      | 0 ||| qw: Always use a shield: true
     0 | D:1      | 0 ||| qw: God list: Ru
     0 | D:1      | 0 ||| qw: Allow faded altars: false
     0 | D:1      | 0 ||| qw: Do Orc after D:15 true
     0 | D:1      | 0 ||| qw: Do second Lair branch before Depths: true
     0 | D:1      | 0 ||| qw: Lair rune preference: random
     0 | D:1      | 0 ||| qw: Plans: Normal
     0 | D:1      | 0 ||| PLANNING D:1-11
   319 | D:1      | Reached skill level 3 in Axes
   916 | D:1      | 916 ||| UPGRADING to +4 ring of evasion.
   917 | D:1      | 917 ||| READING scroll labelled FAIGORHILY.
   918 | D:1      | 918 ||| READING scroll labelled ICLIOJO AHOE.
   919 | D:1      | 919 ||| READING scroll labelled LOEDOR YRAWER.
   954 | D:2      | Found a sacrificial altar of Ru.
   957 | D:2      | 957 ||| STAIRDANCE
   960 | D:1      | Reached XP level 2. HP: 26/26 MP: 1/1
   963 | D:2      | 963 ||| STAIRDANCE
   969 | D:2      | 969 ||| STAIRDANCE
   995 | D:2      | Reached skill level 4 in Axes
  1005 | D:2      | Became a worshipper of Ru the Awakened
  1052 | D:2      | Reached XP level 3. HP: 31/31 MP: 2/2
  1189 | D:2      | 1189 ||| Stepping ~*~*~tactically~*~*~ (stealth).
  1206 | D:2      | Noticed Robin
  1213 | D:2      | Killed Robin
  1217 | D:2      | Reached skill level 5 in Axes
  1350 | D:2      | Found a faded altar of an unknown god.
  1357 | D:2      | Reached XP level 4. HP: 39/39 MP: 3/3
  1561 | D:2      | 1561 ||| READING scroll labelled ZEYN VO KEFFARGH.
  1562 | D:2      | 1562 ||| READING scroll labelled VURUSS YSUTAGH.
  1563 | D:2      | 1563 ||| READING scroll labelled VESEINTAQO.
  1568 | D:2      | 1568 ||| READING scroll labelled JEVI EFE SEAW.
  1618 | D:3      | Reached skill level 1 in Dodging
  1649 | D:3      | 1649 ||| Stepping ~*~*~tactically~*~*~ (hiding).
  1651 | D:3      | 1651 ||| Stepping ~*~*~tactically~*~*~ (hiding).
  1656 | D:3      | 1656 ||| Stepping ~*~*~tactically~*~*~ (hiding).
  1665 | D:3      | 1665 ||| FLEEEEING.
  1666 | D:3      | 1666 ||| FLEEEEING.
  1667 | D:3      | 1667 ||| FLEEEEING.
  1668 | D:3      | 1668 ||| FLEEEEING.
  1670 | D:3      | 1670 ||| FLEEEEING.
  1671 | D:3      | 1671 ||| FLEEEEING.
  1672 | D:3      | 1672 ||| FLEEEEING.
  1673 | D:3      | 1673 ||| FLEEEEING.
  1674 | D:3      | 1674 ||| FLEEEEING.
  1675 | D:3      | 1675 ||| FLEEEEING.
  1676 | D:3      | 1676 ||| FLEEEEING.
  1677 | D:3      | 1677 ||| FLEEEEING.
  1678 | D:3      | 1678 ||| FLEEEEING.
  1679 | D:3      | 1679 ||| FLEEEEING.
  1680 | D:3      | 1680 ||| FLEEEEING.
  1681 | D:3      | 1681 ||| FLEEEEING.
  1682 | D:3      | 1682 ||| FLEEEEING.
  1683 | D:3      | 1683 ||| FLEEEEING.
  1684 | D:3      | 1684 ||| FLEEEEING.
  1685 | D:3      | 1685 ||| FLEEEEING.
  1686 | D:3      | 1686 ||| FLEEEEING.
  1687 | D:3      | 1687 ||| FLEEEEING.
  1688 | D:3      | 1688 ||| FLEEEEING.
  1689 | D:3      | 1689 ||| FLEEEEING.
  1690 | D:3      | 1690 ||| FLEEEEING.
  1691 | D:3      | 1691 ||| STAIRDANCE
  1742 | D:2      | 1742 ||| READING scroll labelled MAADIV BO UTTE.
  1848 | D:3      | Noticed Terence
  1851 | D:3      | 1851 ||| Stepping ~*~*~tactically~*~*~ (stealth).
  1865 | D:3      | Killed Terence
  1866 | D:3      | Reached skill level 6 in Axes
  1866 | D:3      | Reached XP level 5. HP: 31/45 MP: 4/4
  1956 | D:3      | 1956 ||| DROPPING +0 whip.
  2102 | D:3      | 2102 ||| Stepping ~*~*~tactically~*~*~ (stealth).
  2301 | D:3      | Found Kitt's Armour Shop.
  2310 | D:3      | 2310 ||| BUYING +0 pair of boots (54 gold).
  2310 | D:3      | Bought a +0 pair of boots for 54 gold pieces
  2310 | D:3      | 2310 ||| BUYING +1 hat of willpower (192 gold).
  2310 | D:3      | Bought a +1 hat of willpower for 192 gold pieces
  2310 | D:3      | 2310 ||| SHOPLISTING +2 plate armour of poison resistance
                  | (444 gold, have 11).
  2310 | D:3      | 2310 ||| SHOPLISTING +2 robe of resistance (452 gold, have
                  | 11).
  2310 | D:3      | 2310 ||| SHOPLISTING +2 scale mail of poison resistance
                  | (216 gold, have 11).
  2310 | D:3      | 2310 ||| SHOPLISTING +9 plate armour of Ybeotec {rF+ Int+4
                  | Dex+8} (1261 gold, have 11).
  2398 | D:3      | 2398 ||| INVOKING Sacrifice Artifice.
  2398 | D:3      | Gained mutation: You cannot study or use magical devices.
                  | [Ru sacrifice]
  2398 | D:3      | Reached * piety under Ru
  2398 | D:3      | Reached ** piety under Ru
  2553 | D:3      | 2553 ||| UPGRADING to +2 ring mail of poison resistance.
  2559 | D:3      | 2559 ||| UPGRADING to +0 scale mail.
  2564 | D:3      | 2564 ||| UPGRADING to +2 ring mail of poison resistance.
  2574 | D:3      | 2574 ||| DROPPING +0 scale mail.
  2575 | D:3      | 2575 ||| UPGRADING to +0 pair of boots.
  2580 | D:3      | 2580 ||| UPGRADING to +1 hat of willpower.
  2585 | D:3      | 2585 ||| UPGRADING to ring of willpower.
  2586 | D:3      | 2586 ||| READING scroll labelled LEAKIX YM LOR.
  2587 | D:3      | 2587 ||| READING 2 scrolls of identify.
  2587 | D:3      | 2587 ||| IDENTIFYING inky potion
  2615 | D:4      | 2615 ||| Stepping ~*~*~tactically~*~*~ (stealth).
  2679 | D:4      | 2679 ||| Stepping ~*~*~tactically~*~*~ (stealth).
  2913 | D:4      | 2913 ||| Stepping ~*~*~tactically~*~*~ (stealth).
  2917 | D:4      | 2917 ||| Stepping ~*~*~tactically~*~*~ (stealth).
  2935 | D:4      | Found a staircase to the Ecumenical Temple.
  2998 | D:4      | Noticed an ogre
  3002 | D:4      | Killed an ogre
  3003 | D:4      | Reached skill level 7 in Axes
  3003 | D:4      | Reached XP level 6. HP: 51/51 MP: 5/5
  3070 | D:4      | Reached skill level 1 in Throwing
  3214 | D:4      | 3214 ||| Stepping ~*~*~tactically~*~*~ (stealth).
  3382 | D:4      | 3382 ||| UPGRADING to amulet of the acrobat.
  3387 | D:4      | 3387 ||| READING 2 scrolls of identify.
  3387 | D:4      | 3387 ||| IDENTIFYING brown potion
  3418 | D:5      | Entered Level 5 of the Dungeon
  3419 | D:5      | 3419 ||| STAIRDANCE
  3423 | D:4      | Reached skill level 8 in Axes
  3440 | D:5      | Reached XP level 7. HP: 56/60 MP: 6/6
  3485 | D:5      | Reached skill level 9 in Axes
  3502 | D:5      | Reached skill level 10 in Axes
  3502 | D:5      | Reached XP level 8. HP: 42/68 MP: 7/7
  3503 | D:5      | 3503 ||| FLEEEEING.
  3504 | D:5      | 3504 ||| FLEEEEING.
  3505 | D:5      | 3505 ||| FLEEEEING.
  3506 | D:5      | 3506 ||| FLEEEEING.
  3507 | D:5      | 3507 ||| FLEEEEING.
  3508 | D:5      | 3508 ||| FLEEEEING.
  3509 | D:5      | 3509 ||| FLEEEEING.
  3510 | D:5      | 3510 ||| FLEEEEING.
  3511 | D:5      | 3511 ||| FLEEEEING.
  3512 | D:5      | 3512 ||| FLEEEEING.
  3513 | D:5      | 3513 ||| FLEEEEING.
  3514 | D:5      | 3514 ||| FLEEEEING.
  3515 | D:5      | 3515 ||| FLEEEEING.
  3516 | D:5      | 3516 ||| FLEEEEING.
  3517 | D:5      | 3517 ||| FLEEEEING.
  3518 | D:5      | 3518 ||| FLEEEEING.
  3519 | D:5      | 3519 ||| STAIRDANCE
  3622 | D:4      | 3622 ||| DROPPING +1 scale mail of positive energy.
  3625 | D:5      | 3625 ||| STAIRDANCE
  3638 | D:5      | 3638 ||| STAIRDANCE
  3643 | D:5      | 3643 ||| STAIRDANCE
  3670 | D:5      | Noticed a komodo dragon
  3680 | D:5      | Reached skill level 6 in Fighting
  3685 | D:5      | HP: 14/70 [komodo dragon (11)]
  3687 | D:5      | Killed a komodo dragon
  3688 | D:5      | Reached skill level 11 in Axes
  3732 | D:5      | HP: 16/70 [hound (4)]
  3741 | D:5      | 3741 ||| FLEEEEING.
  4027 | D:5      | 4027 ||| Stepping ~*~*~tactically~*~*~ (hiding).
  4060 | D:5      | Reached skill level 12 in Axes
  4303 | D:5      | Reached skill level 3 in Dodging
  4533 | D:5      | 4533 ||| READING scroll labelled PELUSTR JILISKE.
  4534 | D:5      | 4534 ||| DRINKING 3 blue potions.
  4599 | D:6      | 4599 ||| Stepping ~*~*~tactically~*~*~ (hiding).
  4600 | D:6      | 4600 ||| Stepping ~*~*~tactically~*~*~ (hiding).
  4604 | D:6      | Reached XP level 9. HP: 78/78 MP: 8/8
  4759 | D:6      | 4759 ||| INVOKING Sacrifice an Eye.
  4759 | D:6      | Gained mutation: You are missing an eye, making it more
                  | difficult to aim. [Ru sacrifice]
  4759 | D:6      | Reached *** piety under Ru
  4905 | D:6      | Noticed Edmund
  4918 | D:6      | Killed Edmund
  5001 | D:6      | Noticed Grinder
  5071 | D:6      | 5071 ||| Stepping ~*~*~tactically~*~*~ (hiding).
  5077 | D:6      | 5077 ||| Stepping ~*~*~tactically~*~*~ (stealth).
  5203 | D:6      | 5203 ||| Stepping ~*~*~tactically~*~*~ (stealth).
  5209 | D:6      | 5209 ||| Stepping ~*~*~tactically~*~*~ (hiding).
  5211 | D:6      | 5211 ||| Stepping ~*~*~tactically~*~*~ (hiding).
  5219 | D:6      | 5219 ||| Stepping ~*~*~tactically~*~*~ (stealth).
  5245 | D:6      | 5245 ||| Stepping ~*~*~tactically~*~*~ (stealth).
  5302 | D:6      | 5302 ||| Stepping ~*~*~tactically~*~*~ (hiding).
  5607 | D:6      | 5607 ||| Stepping ~*~*~tactically~*~*~ (hiding).
  5786 | D:6      | Reached skill level 13 in Axes
  5904 | D:6      | 5904 ||| DROPPING +0 chain mail.
  5905 | D:6      | 5905 ||| UPGRADING to +0 pair of gloves.
  5910 | D:6      | 5910 ||| UPGRADING to +0 plate armour.
  5920 | D:6      | 5920 ||| DROPPING +2 ring mail of poison resistance.
  5921 | D:6      | 5921 ||| READING scroll labelled SAWUOSSAVUAS.
  5922 | D:6      | 5922 ||| DRINKING 2 coppery potions.
  5923 | D:6      | 5923 ||| DRINKING 2 bubbling dark potions.
  5924 | D:6      | 5924 ||| DROPPING potion of flight.
  5925 | D:6      | 5925 ||| DROPPING potion of brilliance.
  6066 | D:7      | 6066 ||| READING scroll of enchant weapon.
  6066 | D:7      | 6066 ||| ENCHANTING +1 war axe.
  6169 | D:7      | Noticed Duvessa
  6171 | D:7      | Noticed Dowan
  6172 | D:7      | 6172 ||| Stepping ~*~*~tactically~*~*~ (hiding).
  6193 | D:7      | Killed Duvessa
  6199 | D:7      | Killed Dowan
  6199 | D:7      | HP: 15/79 [gnoll/+0 flail[a gnoll sergeant] (5)]
  6200 | D:7      | 6200 ||| READING scroll of teleportation.
  6201 | D:7      | 6201 ||| INVOKING Draw Out Power.
  6203 | D:7      | Reached skill level 6 in Armour
  6527 | D:7      | 6527 ||| Stepping ~*~*~tactically~*~*~ (hiding).
  6721 | D:7      | 6721 ||| UPGRADING to +0 chain mail of poison resistance.
  6731 | D:7      | 6731 ||| READING 2 scrolls of identify.
  6731 | D:7      | 6731 ||| IDENTIFYING sedimented black potion
  6732 | D:7      | 6732 ||| DROPPING potion of invisibility.
  6760 | D:8      | 6760 ||| STAIRDANCE
  6777 | D:8      | 6777 ||| DROPPING +0 flail.
  6789 | D:8      | 6789 ||| Stepping ~*~*~tactically~*~*~ (hiding).
  6922 | D:8      | 6922 ||| Stepping ~*~*~tactically~*~*~ (stealth).
  6923 | D:8      | 6923 ||| Stepping ~*~*~tactically~*~*~ (stealth).
  6934 | D:8      | 6934 ||| Stepping ~*~*~tactically~*~*~ (stealth).
  6941 | D:8      | Killed Grinder
  6942 | D:8      | Reached XP level 10. HP: 88/88 MP: 9/9
  6968 | D:8      | 6968 ||| Stepping ~*~*~tactically~*~*~ (stealth).
  6973 | D:8      | 6973 ||| Stepping ~*~*~tactically~*~*~ (stealth).
  7000 | D:8      | Reached skill level 14 in Axes
  7166 | D:8      | 7166 ||| Stepping ~*~*~tactically~*~*~ (stealth).
  7211 | D:8      | Reached skill level 15 in Axes
  7216 | D:8      | HP: 20/88 [yak (9)]
  7217 | D:8      | 7217 ||| READING scroll of teleportation.
  7218 | D:8      | 7218 ||| INVOKING Draw Out Power.
  7221 | D:8      | Found a staircase to the Lair.
  7223 | D:8      | 7223 ||| Stepping ~*~*~tactically~*~*~ (hiding).
  7453 | D:8      | 7453 ||| Stepping ~*~*~tactically~*~*~ (stealth).
  7461 | D:8      | 7461 ||| Stepping ~*~*~tactically~*~*~ (stealth).
  7471 | D:8      | Reached skill level 9 in Fighting
  7520 | D:8      | 7520 ||| READING 2 scrolls of identify.
  7520 | D:8      | 7520 ||| IDENTIFYING sedimented blue potion
  7687 | D:8      | 7687 ||| Stepping ~*~*~tactically~*~*~ (hiding).
  7705 | D:8      | 7705 ||| Stepping ~*~*~tactically~*~*~ (stealth).
  7861 | D:8      | 7861 ||| INVOKING Sacrifice Arcana.
  7861 | D:8      | Gained mutation: You cannot study or cast Air magic. [Ru
                  | sacrifice]
  7861 | D:8      | Gained mutation: You cannot study or cast Hexes magic. [Ru
                  | sacrifice]
  7861 | D:8      | Gained mutation: You cannot study or cast Summoning magic.
                  | [Ru sacrifice]
  7861 | D:8      | Reached **** piety under Ru
  7866 | D:8      | 7866 ||| DROPPING +5 flail.
  8000 | D:8      | Found a snail-covered altar of Cheibriados.
  8046 | D:8      | 8046 ||| PLANNING LAIR
  8046 | D:8      | 8046 ||| DROPPING potion of degeneration.
  8087 | Lair:1   | Entered Level 1 of the Lair of Beasts
  8112 | Lair:1   | 8112 ||| Stepping ~*~*~tactically~*~*~ (stealth).
  8120 | Lair:1   | 8120 ||| Stepping ~*~*~tactically~*~*~ (hiding).
  8143 | Lair:1   | Reached skill level 16 in Axes
  8280 | Lair:1   | 8280 ||| Stepping ~*~*~tactically~*~*~ (stealth).
  8292 | Lair:1   | Reached XP level 11. HP: 72/97 MP: 10/10
  8299 | Lair:1   | Reached skill level 6 in Shields
  8430 | Lair:1   | 8430 ||| Stepping ~*~*~tactically~*~*~ (stealth).
  8431 | Lair:1   | 8431 ||| Stepping ~*~*~tactically~*~*~ (stealth).
  8521 | Lair:1   | Noticed Amaemon
  8522 | Lair:1   | 8522 ||| Stepping ~*~*~tactically~*~*~ (stealth).
  8536 | Lair:1   | HP: 22/97 [Amaemon/+0 demon whip of venom (9)]
  8537 | Lair:1   | 8537 ||| INVOKING Draw Out Power.
  8539 | Lair:1   | 8539 ||| DRINKING 5 potions of heal wounds.
  8542 | Lair:1   | HP: 23/93 [cane toad (2)]
  8543 | Lair:1   | 8543 ||| DRINKING 4 potions of heal wounds.
  8548 | Lair:1   | HP: 20/96 [Amaemon/+0 demon whip of venom (7)]
  8549 | Lair:1   | 8549 ||| DRINKING 3 potions of heal wounds.
  8553 | Lair:1   | Killed Amaemon
  8554 | Lair:1   | Reached skill level 17 in Axes
  8558 | Lair:1   | HP: 24/97 [poisoned by Amaemon]
  8853 | Lair:1   | 8853 ||| DROPPING +0 morningstar.
  8915 | Lair:1   | Noticed a four-headed hydra
  8916 | Lair:1   | 8916 ||| Stepping ~*~*~tactically~*~*~ (stealth).
  8919 | Lair:1   | 8919 ||| SWAPPING to +0 demon whip of venom.
  8930 | Lair:1   | HP: 23/97 [four-headed hydra (5)]
  8930 | Lair:1   | HP: 4/97 [four-headed hydra (10)]
  8931 | Lair:1   | 8931 ||| INVOKING Draw Out Power.
  8932 | Lair:1   | 8932 ||| DRINKING 2 potions of heal wounds.
  8933 | Lair:1   | Killed a four-headed hydra
  8934 | Lair:1   | 8934 ||| SWAPPING to +2 war axe.
  9193 | Lair:1   | 9193 ||| Stepping ~*~*~tactically~*~*~ (stealth).
  9589 | Lair:1   | 9589 ||| UPGRADING to +4 ring of protection.
  9591 | Lair:1   | 9591 ||| DROPPING ring of willpower.
  9633 | Lair:2   | 9633 ||| STAIRDANCE
  9694 | Lair:2   | 9694 ||| STAIRDANCE
  9951 | Lair:2   | 9951 ||| STAIRDANCE
 10065 | Lair:2   | 10065 ||| STAIRDANCE
 10163 | Lair:2   | 10163 ||| STAIRDANCE
 10171 | Lair:2   | 10171 ||| STAIRDANCE
 10323 | Lair:2   | 10323 ||| Stepping ~*~*~tactically~*~*~ (stealth).
 10325 | Lair:2   | 10325 ||| Stepping ~*~*~tactically~*~*~ (stealth).
 10326 | Lair:2   | 10326 ||| Stepping ~*~*~tactically~*~*~ (stealth).
 10327 | Lair:2   | 10327 ||| Stepping ~*~*~tactically~*~*~ (stealth).
 10562 | Lair:2   | 10562 ||| Stepping ~*~*~tactically~*~*~ (stealth).
 10637 | Lair:2   | Reached skill level 9 in Armour
 10640 | Lair:2   | 10640 ||| FLEEEEING.
 10641 | Lair:2   | 10641 ||| FLEEEEING.
 10642 | Lair:2   | 10642 ||| FLEEEEING.
 10643 | Lair:2   | 10643 ||| STAIRDANCE
 10697 | Lair:2   | Reached XP level 12. HP: 110/110 MP: 11/11
 10874 | Lair:2   | Found a staircase to the Snake Pit.
 10903 | Lair:2   | 10903 ||| Stepping ~*~*~tactically~*~*~ (stealth).
 11324 | Lair:2   | Found a staircase to the Shoals.
 11334 | Lair:2   | Reached skill level 12 in Fighting
 11476 | Lair:2   | Noticed a catoblepas
 11478 | Lair:2   | 11478 ||| Stepping ~*~*~tactically~*~*~ (cloud).
 11494 | Lair:2   | 11494 ||| Stepping ~*~*~tactically~*~*~ (cloud).
 11496 | Lair:2   | 11496 ||| Stepping ~*~*~tactically~*~*~ (cloud).
 11497 | Lair:2   | 11497 ||| Stepping ~*~*~tactically~*~*~ (cloud).
 11498 | Lair:2   | 11498 ||| Stepping ~*~*~tactically~*~*~ (water).
 11506 | Lair:2   | Killed a catoblepas
 11837 | Lair:3   | Noticed a death yak
 11840 | Lair:3   | 11840 ||| Stepping ~*~*~tactically~*~*~ (stealth).
 11853 | Lair:3   | Killed a death yak
 11855 | Lair:3   | HP: 27/112 [blink frog (9)]
 11856 | Lair:3   | 11856 ||| INVOKING Draw Out Power.
 12181 | Lair:3   | 12181 ||| Stepping ~*~*~tactically~*~*~ (stealth).
 12184 | Lair:3   | 12184 ||| Stepping ~*~*~tactically~*~*~ (stealth).
 12185 | Lair:3   | 12185 ||| Stepping ~*~*~tactically~*~*~ (stealth).
 12187 | Lair:3   | 12187 ||| Stepping ~*~*~tactically~*~*~ (stealth).
 12193 | Lair:3   | 12193 ||| Stepping ~*~*~tactically~*~*~ (stealth).
 12194 | Lair:3   | 12194 ||| Stepping ~*~*~tactically~*~*~ (stealth).
 12195 | Lair:3   | 12195 ||| Stepping ~*~*~tactically~*~*~ (stealth).
 12407 | Lair:3   | Noticed a boulder beetle
 12447 | Lair:3   | Killed a boulder beetle
 12494 | Lair:3   | Noticed Nessos
 12495 | Lair:3   | 12495 ||| Stepping ~*~*~tactically~*~*~ (hiding).
 12503 | Lair:3   | Killed Nessos
 12540 | Lair:3   | Noticed a four-headed hydra
 12543 | Lair:3   | 12543 ||| SWAPPING to +0 demon whip of venom.
 12548 | Lair:3   | Killed a four-headed hydra
 12549 | Lair:3   | Reached skill level 6 in Dodging
 12549 | Lair:3   | 12549 ||| SWAPPING to +2 war axe.
 12681 | Lair:3   | 12681 ||| INVOKING Sacrifice Essence.
 12681 | Lair:3   | Gained mutation: You are slightly weak-willed. (Will-) [Ru
                  | sacrifice]
 12681 | Lair:3   | Reached ***** piety under Ru
 12713 | Lair:3   | 12713 ||| INVOKING Apocalypse.
 13116 | Lair:3   | Found an ornate altar of the Wu Jian Council.
 13116 | Lair:3   | Found a hide-covered altar of Uskayaw.
 13503 | Lair:3   | 13503 ||| UPGRADING to +2 pair of boots.
 13513 | Lair:3   | 13513 ||| DROPPING +0 pair of boots.
 13514 | Lair:3   | 13514 ||| UPGRADING to +0 kite shield.
 13524 | Lair:3   | 13524 ||| DROPPING +0 buckler.
 13525 | Lair:3   | 13525 ||| READING 4 scrolls of identify.
 13525 | Lair:3   | 13525 ||| IDENTIFYING fuming sapphire potion
 13526 | Lair:3   | 13526 ||| READING 3 scrolls of identify.
 13526 | Lair:3   | 13526 ||| IDENTIFYING yellow potion
 13527 | Lair:3   | 13527 ||| DROPPING potion of ambrosia.
 13528 | Lair:3   | 13528 ||| DROPPING potion of magic.
 13548 | Lair:4   | Noticed a death yak
 13548 | Lair:4   | Noticed a death yak
 13548 | Lair:4   | Noticed a death yak
 13548 | Lair:4   | Noticed a death yak
 13548 | Lair:4   | Noticed a death yak
 13548 | Lair:4   | Noticed a death yak
 13548 | Lair:4   | Noticed a death yak
 13549 | Lair:4   | 13549 ||| Stepping ~*~*~tactically~*~*~ (hiding).
 13549 | Lair:4   | Noticed a death yak
 13550 | Lair:4   | 13550 ||| Stepping ~*~*~tactically~*~*~ (hiding).
 13551 | Lair:4   | 13551 ||| STAIRDANCE
 13551 | Lair:4   | Noticed a death yak
 13569 | Lair:3   | Killed a death yak
 13680 | Lair:4   | Noticed a death yak
 13681 | Lair:4   | 13681 ||| STAIRDANCE
 13683 | Lair:3   | 13683 ||| INVOKING Apocalypse.
 13684 | Lair:3   | Killed a death yak
 13685 | Lair:3   | Reached skill level 9 in Shields
 13687 | Lair:3   | Killed a death yak
 13688 | Lair:3   | Killed a death yak
 13859 | Lair:4   | 13859 ||| STAIRDANCE
 13861 | Lair:3   | 13861 ||| INVOKING Apocalypse.
 13861 | Lair:3   | Killed a death yak
 13862 | Lair:3   | Killed a death yak
 13862 | Lair:3   | Killed a death yak
 13863 | Lair:3   | Reached XP level 13. HP: 86/111 MP: 3/12
 13976 | Lair:4   | 13976 ||| STAIRDANCE
 13978 | Lair:3   | 13978 ||| INVOKING Apocalypse.
 14101 | Lair:4   | 14101 ||| Stepping ~*~*~tactically~*~*~ (stealth).
 14103 | Lair:4   | Reached skill level 12 in Shields
 14357 | Lair:4   | 14357 ||| INVOKING Apocalypse.
 14650 | Lair:4   | Reached skill level 3 in Throwing
 14780 | Lair:4   | 14780 ||| INVOKING Apocalypse.
 14781 | Lair:4   | 14781 ||| FLEEEEING.
 14782 | Lair:4   | 14782 ||| FLEEEEING.
 14783 | Lair:4   | 14783 ||| FLEEEEING.
 14784 | Lair:4   | 14784 ||| FLEEEEING.
 14799 | Lair:4   | 14799 ||| FLEEEEING.
 14800 | Lair:4   | 14800 ||| FLEEEEING.
 14801 | Lair:4   | 14801 ||| FLEEEEING.
 14802 | Lair:4   | 14802 ||| FLEEEEING.
 14803 | Lair:4   | 14803 ||| FLEEEEING.
 14804 | Lair:4   | 14804 ||| FLEEEEING.
 14805 | Lair:4   | 14805 ||| FLEEEEING.
 14806 | Lair:4   | 14806 ||| FLEEEEING.
 14807 | Lair:4   | 14807 ||| STAIRDANCE
 14842 | Lair:3   | 14842 ||| UPGRADING to +0 cloak.
 14847 | Lair:3   | 14847 ||| READING scroll labelled OBLOX SILAOD.
 14848 | Lair:3   | 14848 ||| READING scroll labelled WIUS VEECI.
 15041 | Lair:4   | 15041 ||| STAIRDANCE
 15118 | Lair:4   | 15118 ||| Stepping ~*~*~tactically~*~*~ (stealth).
 15120 | Lair:4   | 15120 ||| Stepping ~*~*~tactically~*~*~ (stealth).
 15122 | Lair:4   | 15122 ||| Stepping ~*~*~tactically~*~*~ (stealth).
 15136 | Lair:4   | 15136 ||| SWAPPING to +0 demon whip of venom.
 15138 | Lair:4   | 15138 ||| Stepping ~*~*~tactically~*~*~ (hiding).
 15139 | Lair:4   | 15139 ||| Stepping ~*~*~tactically~*~*~ (outnumbered).
 15140 | Lair:4   | 15140 ||| Stepping ~*~*~tactically~*~*~ (outnumbered).
 15141 | Lair:4   | 15141 ||| Stepping ~*~*~tactically~*~*~ (outnumbered).
 15144 | Lair:4   | 15144 ||| Stepping ~*~*~tactically~*~*~ (outnumbered).
 15154 | Lair:4   | HP: 26/105 [eight-headed hydra (2)]
 15157 | Lair:4   | HP: 11/105 [eight-headed hydra (6)]
 15159 | Lair:4   | 15159 ||| READING 2 scrolls of teleportation.
 15160 | Lair:4   | 15160 ||| DRINKING 2 potions of heal wounds.
 15161 | Lair:4   | 15161 ||| DRINKING potion of heal wounds.
 15162 | Lair:4   | 15162 ||| SWAPPING to +2 war axe.
 15248 | Lair:4   | 15248 ||| Stepping ~*~*~tactically~*~*~ (stealth).
 15278 | Lair:4   | 15278 ||| FLEEEEING.
 15279 | Lair:4   | 15279 ||| FLEEEEING.
 15280 | Lair:4   | 15280 ||| FLEEEEING.
 15286 | Lair:4   | 15286 ||| FLEEEEING.
 15287 | Lair:4   | 15287 ||| FLEEEEING.
 15288 | Lair:4   | 15288 ||| FLEEEEING.
 15289 | Lair:4   | 15289 ||| FLEEEEING.
 15290 | Lair:4   | 15290 ||| FLEEEEING.
 15291 | Lair:4   | 15291 ||| FLEEEEING.
 15292 | Lair:4   | 15292 ||| FLEEEEING.
 15293 | Lair:4   | 15293 ||| FLEEEEING.
 15294 | Lair:4   | 15294 ||| FLEEEEING.
 15295 | Lair:4   | 15295 ||| FLEEEEING.
 15296 | Lair:4   | 15296 ||| FLEEEEING.
 15297 | Lair:4   | 15297 ||| FLEEEEING.
 15299 | Lair:4   | 15299 ||| FLEEEEING.
 15300 | Lair:4   | 15300 ||| FLEEEEING.
 15301 | Lair:4   | 15301 ||| FLEEEEING.
 15302 | Lair:4   | 15302 ||| FLEEEEING.
 15303 | Lair:4   | 15303 ||| FLEEEEING.
 15304 | Lair:4   | 15304 ||| FLEEEEING.
 15305 | Lair:4   | 15305 ||| FLEEEEING.
 15306 | Lair:4   | 15306 ||| FLEEEEING.
 15307 | Lair:4   | 15307 ||| FLEEEEING.
 15308 | Lair:4   | 15308 ||| FLEEEEING.
 15310 | Lair:4   | 15310 ||| Stepping ~*~*~tactically~*~*~ (hiding).
 15324 | Lair:4   | HP: 25/108 [basilisk (3)]
 15327 | Lair:4   | HP: 4/108 [komodo dragon (9)]
 15329 | Lair:4   | Mangled by a death yak

Levels and vault maps discovered:
D:1:      sevenhm_arrival_forest_fort_small_4, layout_basic
D:2:      layout_rooms, basic_altar,
          dreamdust_ecumenical_altar_hidden_monk_grotto,
          minmay_gold_behind_fungi, serial_bayou_pond_d, uniq_robin
D:3:      layout_loops_ring, serial_shops, shop, chequers_serial_rivers_room_a,
          uniq_terence
D:4:      layout_gridville, minmay_temple_entry_fiery
D:5:      cheibrodos_fzero, layout_rooms, chequers_serial_rivers_micro_b
D:6:      layout_basic, uniq_edmund, uniq_grinder
D:7:      layout_rooms, grunt_ministairs_8, uniq_duvessa
D:8:      layout_loops_ring, slow_altar_2, minmay_lair_entry_grove
Lair:1:   layout_misc_corridors, grunt_megastairs_1, infiniplex_staircase_pool,
          serial_bayou_shore_a, serial_bayou_shore_b, uniq_amaemon
Lair:2:   layout_chaotic_city, elwin_shoals_entry_rocks,
          minmay_snake_entry_six_corridors, serial_bayou_pond_c,
          infiniplex_staircase_pool_2, lemuel_fruit_tree
Lair:3:   layout_layer_cave, enter_volcano_2, serial_bayou, serial_bayou_ford_a,
          serial_bayou_pond_b, serial_bayou_pond_d, serial_bayou_lagoon_b,
          serial_bayou_pond_e, serial_bayou_pond_b, minivault_25,
          nzn_masters_of_martial_movement, uniq_nessos
Lair:4:   layout_small_grid, grunt_megastairs_3

Skill      XL: |  1  2  3  4  5  6  7  8  9 10 11 12 13 |
---------------+----------------------------------------+-----
Axes           | 3 4 5 6 7 8 10 12 13 16 17 | 17.1
Dodging        | 1 2 3 4 6 |  6.2
Throwing       | 1 2 3 |  3.2
Fighting       | 4 5 6 8 9 11 13 | 13.1
Shields        | 4 5 7 10 13 | 13.2
Armour         | 7 9 10 | 10.8

Action                   |  1- 3 |  4- 6 |  7- 9 | 10-12 | 13-15 || total
-------------------------+-------+-------+-------+-------+-------++-------
Melee: War axe           |    50 |    77 |   281 |   590 |   117 ||  1115
       Headbutt          |     7 |    12 |    32 |    96 |    33 ||   180
       Demon whip        |       |       |       |    16 |     7 ||    23
Throw: Boomerang         |       |    31 |    47 |   117 |    13 ||   208
Invok: Sacrifice Artific |       |     1 |       |       |       ||     1
       Draw Out Power    |       |       |     1 |     4 |       ||     5
       Sacrifice an Eye  |       |       |     1 |       |       ||     1
       Sacrifice Arcana  |       |       |       |     1 |       ||     1
       Apocalypse        |       |       |       |     3 |     3 ||     6
       Sacrifice Essence |       |       |       |     1 |       ||     1
  Use: Scroll            |     3 |     8 |     5 |     4 |     3 ||    23
       Potion            |       |       |     3 |     4 |     2 ||     9
 Stab: Invisible         |       |       |     2 |     4 |       ||     6
       Distracted        |       |       |       |     2 |       ||     2
       Paralysed         |       |       |       |    13 |     8 ||    21
Armor: Scale mail        |    12 |    12 |       |       |       ||    24
       Ring mail         |       |    10 |    53 |       |       ||    63
       Plate armour      |       |       |    38 |       |       ||    38
       Chain mail        |       |       |     4 |   162 |   108 ||   274
Dodge: Dodged            |    36 |    49 |   160 |   274 |    57 ||   576
Block: Buckler           |     7 |    27 |    57 |   116 |       ||   207
       Kite shield       |       |       |       |     7 |    66 ||    73

Table legend:
 A = Non-vault XP
 B = Vault XP
 C = Vault XP percentage of total XP
 D = Non-vault monster count
 E = Vault monster count
 F = Vault count percentage of total count
                 A         B        C        D         E       F
            +---------+---------+-------+---------+---------+-------
      Total |   28230 |   22153 |  44.0 |     219 |      92 |  29.6
            +---------+---------+-------+---------+---------+-------
        D:1 |      27 |       0 |   0.0 |       9 |       0 |   0.0
        D:2 |      37 |      33 |  47.1 |      19 |      10 |  34.5
        D:3 |      90 |      36 |  28.6 |      15 |       1 |   6.2
        D:4 |     477 |       2 |   0.4 |      24 |       1 |   4.0
        D:5 |     564 |    1414 |  71.5 |      20 |      16 |  44.4
        D:6 |     813 |     166 |  17.0 |      17 |       1 |   5.6
        D:7 |     735 |     533 |  42.0 |      13 |      11 |  45.8
        D:8 |    2055 |    2209 |  51.8 |      16 |      15 |  48.4
     Lair:1 |    7027 |    1790 |  20.3 |      28 |       5 |  15.2
     Lair:2 |    4611 |    3658 |  44.2 |      23 |      12 |  34.3
     Lair:3 |    3201 |   11948 |  78.9 |      16 |      19 |  54.3
     Lair:4 |    8593 |     364 |   4.1 |      19 |       1 |   5.0
            +---------+---------+-------+---------+---------+-------
